 Dungeon Crawl Stone Soup version 0.26-a0-661-g406de6ba63 (webtiles) character file.

Game seed: 6481326506373244100

597 lunkers the Covert (level 7, 0/41 HPs)
             Began as a Kobold Delver on Oct 8, 2020.
             Was a Follower of Uskayaw.
             Slain by a yak (6 damage)
             ... while petrified by a basilisk
             ... on level 8 of the Dungeon.
             The game lasted 00:10:18 (5704 turns).

lunkers the Covert (Kobold Delver)                  Turns: 5704, Time: 00:10:18

Health: 0/41       AC:  7    Str:  9    XL:     7   Next: 68%
Magic:  7/7        EV:  3    Int: 17    God:    Uskayaw [*.....]
Gold:   167        SH:  0    Dex: 19    Spells: 6/6 levels left

rFire    . . .     SeeInvis +   b - +2 short sword (vamp)
rCold    . . .     Faith    .   (shield restricted)
rNeg     + + +     Spirit   .   s - +0 leather armour
rPois    ∞         Reflect  .   h - +2 helmet {SInv}
rElec    .         Harm     .   (no cloak)
rCorr    .         Rampage  .   w - +0 pair of gloves
MR       .....                  (no boots)
Stlth    +++++.....             (no amulet)
HPRegen  0.13/turn              p - +6 ring of intelligence
MPRegen  0.10/turn              (no ring)

@: petrified
A: small, nightstalker 3
a: Stomp, Renounce Religion


You were on level 8 of the Dungeon.
You worshipped Uskayaw.
Uskayaw was noncommittal.
You visited 2 branches of the dungeon, and saw 7 of its levels.

You collected 167 gold pieces.

Inventory:

Hand Weapons
 a - a +0 short sword
 b - a +2 vampiric short sword (weapon)
Missiles
 k - 45 poisoned darts (quivered)
 v - a throwing net {=f}
Armour
 h - a +2 helmet of see invisible (worn)
 s - a +0 leather armour (worn)
 w - a +0 pair of gloves (worn)
Jewellery
 p - a +6 ring of intelligence (left hand)
Wands
 g - a wand of digging (3)
Scrolls
 c - a scroll of fog
 d - a scroll of magic mapping
 e - 2 scrolls of fear
 i - 2 scrolls of blinking
 n - 2 scrolls of vulnerability {unknown}
 r - 3 scrolls of teleportation
 t - a scroll of enchant armour
Potions
 f - a potion of haste
 j - a potion of curing {unknown}
 l - 4 potions of lignification
 m - 3 potions of flight
 o - a potion of ambrosia {unknown}
 q - 2 potions of heal wounds
 u - a potion of cancellation {unknown}
 x - a potion of stabbing {unknown}


   Skills:
 - Level 3.2 Fighting
 + Level 7.9 Short Blades
 - Level 2.4 Dodging
 - Level 10.0 Stealth


You had 6 spell levels left.
You didn't know any spells.
Your spell library was empty.

Dungeon Overview and Level Annotations

Branches:
Dungeon (5/15)             Temple (1/1) D:4

Altars:
Ashenzari
Cheibriados
Dithmenos
Fedhas
Gozag
Hepliaklqana
Qazlal
Ru
Sif Muna
Trog
Uskayaw
Vehumet
Wu Jian
Xom
Zin
The Shining One

Annotations:
D:8 3 runed translucent doors


Innate Abilities, Weirdness & Mutations

You are small and have problems with some larger weapons.
You are completely attuned to the shadows.


Message History

You hear an angry hiss.
Your limbs are stiffening.
The basilisk gazes at you.
Your limbs have turned to stone.
You have turned to stone.
The yak gores you. The basilisk gazes at you.
You resist with significant effort. The yak gores you! The basilisk bites you!
The yak gores you. The basilisk bites you. The yak gores you!
* * * LOW HITPOINT WARNING * * *
The basilisk bites you!
* * * LOW HITPOINT WARNING * * *
The yak gores you.
* * * LOW HITPOINT WARNING * * *
The basilisk bites you but does no damage.
The yak barely misses you. The basilisk bites you!
* * * LOW HITPOINT WARNING * * *
The yak gores you!
You die...

........#
##........
.#........###
...##.......#
....#..##...#
.....#@.#...####
..#.##Yl........
#..#..........
#.........#..
#.............
##............
.##.......P...
.........P..$P
####......P.♣


You could see a yak and a basilisk.

Vanquished Creatures
  Sigmund (D:5)
  A water moccasin (D:8)
  A howler monkey (D:2)
  A hound (D:4)
  2 worker ants
  12 adders
  An ufetubus (D:8)
  2 oozes
  4 worms
  4 dart slugs
  A leopard gecko (D:2)
  2 orcs
  8 bats
  9 giant cockroaches
  10 goblins
  8 hobgoblins
  6 jackals
  8 kobolds
  A quokka (D:3)
  A ball python (D:2)
  3 frilled lizards
  7 rats
93 creatures vanquished.

Vanquished Creatures (others)
  A bush (D:8)
  A fungus (D:8)
  7 plants (D:8)
9 creatures vanquished.

Grand Total: 102 creatures vanquished

Notes
Turn   | Place    | Note
-------+----------+-------------------------------------------
     0 | D:5      | lunkers the Kobold Delver began the quest for the Orb.
     0 | D:5      | Reached XP level 1. HP: 14/14 MP: 1/1
    70 | D:5      | Noticed Sigmund
    80 | D:5      | Killed Sigmund
    80 | D:5      | Reached skill level 5 in Short Blades
    80 | D:5      | Reached skill level 8 in Stealth
    80 | D:5      | Reached XP level 2. HP: 4/19 MP: 2/2
    80 | D:5      | Reached XP level 3. HP: 5/23 MP: 3/3
    80 | D:5      | Reached XP level 4. HP: 6/28 MP: 4/4
    80 | D:5      | Reached XP level 5. HP: 7/32 MP: 5/5
   339 | D:5      | Found a snail-covered altar of Cheibriados.
   462 | D:4      | Reached XP level 6. HP: 17/37 MP: 6/6
  1027 | D:2      | Reached skill level 9 in Stealth
  2440 | D:2      | Found a hide-covered altar of Uskayaw.
  3745 | D:3      | Reached XP level 7. HP: 38/41 MP: 7/7
  3925 | D:3      | Found a shadowy altar of Dithmenos.
  3925 | D:3      | Found a glowing silver altar of Zin.
  3925 | D:3      | Found an opulent altar of Gozag.
  4599 | D:4      | Found a staircase to the Ecumenical Temple.
  4746 | Temple   | Entered the Ecumenical Temple
  5325 | D:2      | Became a worshipper of Uskayaw the Reveler
  5437 | D:5      | Reached * piety under Uskayaw
  5557 | D:5      | You fall into a shaft and drop 3 floors!
  5567 | D:8      | Noticed a yak
  5613 | D:8      | Found a runed translucent gate.
  5613 | D:8      | Found a runed translucent gate.
  5613 | D:8      | Found a runed translucent gate.
  5656 | D:8      | Noticed a yak
  5656 | D:8      | Noticed a water moccasin
  5669 | D:8      | Reached ** piety under Uskayaw
  5676 | D:8      | Reached *** piety under Uskayaw
  5677 | D:8      | Killed a water moccasin
  5677 | D:8      | Reached skill level 10 in Stealth
  5680 | D:8      | Noticed a water moccasin
  5692 | D:8      | Noticed a basilisk
  5693 | D:8      | Noticed a yak
  5704 | D:8      | Slain by a yak

Illustrated notes

Levels and vault maps discovered:
D:1:      dpeg_arrival_boxorama, layout_basic
D:2:      layout_basic, eat_drink_and_be_merry_uskayaw, minmay_fountain_box,
          minmay_hexomino_u4
D:3:      layout_loops_ring, gammafunk_temple_overflow_claw,
          kennysheep_cross_room
D:4:      layout_cave_pools, minmay_temple_entry_waves
D:5:      layout_basic, kennysheep_little_box, kennysheep_vampire_church,
          kennysheep_mini, uniq_sigmund, uniq_duvessa
D:8:      layout_cave_pools, minmay_lair_entry_grove,
          gammafunk_ghost_necromancy, st_stairs_6
Temple:   minmay_temple_curvy_loop

Skill      XL: |  1  2  3  4  5  6  7 |
---------------+----------------------+-----
Short Blades   | 5 6 7 |  7.9
Stealth        | 8 9 10 | 10.0
Fighting       | |  3.2
Dodging        | |  2.4

Action                   |  1- 3 |  4- 6 |  7- 9 || total
-------------------------+-------+-------+-------++-------
Melee: Short sword       |     7 |   142 |    84 ||   233
       Dagger            |       |   174 |       ||   174
Throw: Dart              |       |   120 |    14 ||   134
  Use: Scroll            |       |     8 |     2 ||    10
 Stab: Sleeping          |     1 |    11 |    12 ||    24
       Distracted        |       |     1 |       ||     1
       Paralysed         |       |       |     1 ||     1
Armor: Leather armour    |       |    73 |    19 ||    92
Dodge: Dodged            |     2 |   205 |    50 ||   257

Table legend: (Time is in decaauts)
 A = Elapsed time spent in this place.
 B = Non-inter-level travel time spent in this place.
 C = Inter-level travel time spent in this place.
 D = Time resting spent in this place.
 E = Time spent auto-exploring this place.
 F = Levels seen in this place.
 G = Mean time per level.
                   A        B        C        D        E       F      G
               +--------+--------+--------+--------+--------+-----+--------+
         Total |   5606 |   5251 |    355 |    243 |   4030 |   7 |  800.9 |
       Dungeon |   5082 |   4737 |    345 |    243 |   3593 |   6 |  847.0 |
        Temple |    524 |    514 |     10 |      0 |    437 |   1 |  524.0 |
               +--------+--------+--------+--------+--------+-----+--------+

Top non-repeatable levels by time:
     D:2: 1504 daAuts
     D:1: 1169 daAuts
     D:3: 952 daAuts
     D:4: 793 daAuts
  Temple: 524 daAuts
     D:5: 518 daAuts
     D:8: 144 daAuts
